 Dungeon Crawl Stone Soup version 0.30-a0-1074-g5db6f66fbb (webtiles) character file.

Game seed: 5545893750146066567

1573 oldriver the Chopper (level 8, -12/63 HPs)
             Began as a Demonspawn Gladiator on Apr 14, 2023.
             Mangled by an ogre
             ... wielding a +0 giant club
              (21 damage)
             ... on level 6 of the Dungeon.
             The game lasted 00:07:16 (5611 turns).

oldriver the Chopper (Demonspawn Gladiator)         Turns: 5611, Time: 00:07:17

Health: -12/63     AC: 11    Str: 16    XL:     8   Next: 59%
Magic:  8/8        EV:  8    Int: 10    God:
Gold:   368        SH:  0    Dex: 19    Spells: 7/7 levels left

rFire   + . .      SeeInvis .    G - +5 Force Lance {heavy, knockback}
rCold   . . .      Faith    .    (no shield)
rNeg    . . .      Spirit   .    t - +0 chain mail
rPois   .          Reflect  .    c - +0 helmet
rElec   .          Rampage  .    (no cloak)
rCorr   .                        (no gloves)
Will    .....                    g - +0 pair of boots
Stlth   ++                       (no amulet)
HPRegen 0.30/turn                A - ring of protection from fire
MPRegen 0.22/turn                z - ring of flight

@: flying
A: claws 1, thin skeletal structure 2, foul stench 2, magic regeneration
a: no special abilities


You were on level 6 of the Dungeon.
You visited 1 branch of the dungeon, and saw 6 of its levels.

You collected 368 gold pieces.

Inventory:

Hand Weapons
 a - a +0 war axe
 G - the +5 Force Lance (weapon) {heavy, knockback}
   (You found it on level 5 of the Dungeon)
Missiles
 d - 4 throwing nets
 e - 6 javelins
 n - 15 poisoned darts
 o - 36 stones (quivered)
 C - 3 boomerangs
 D - a boomerang of dispersal
Armour
 c - a +0 helmet (worn)
 g - a +0 pair of boots (worn)
 t - a +0 chain mail (worn)
Jewellery
 z - a ring of flight (right claw)
 A - a ring of protection from fire (left claw)
 B - a ring of resist corrosion
 H - a ring of magical power
Wands
 b - a wand of mindburst (5)
 x - a wand of flame (28)
Scrolls
 f - 4 scrolls of immolation {unknown}
 i - a scroll of silence {unknown}
 m - a scroll of enchant armour {unknown}
 s - 3 scrolls of identify {unknown}
 u - 2 scrolls of teleportation {unknown}
 y - a scroll of fog {unknown}
 E - a scroll of fear {unknown}
 F - 2 scrolls of enchant weapon {unknown}
Potions
 h - 2 potions of might {unknown}
 j - a potion of berserk rage {unknown}
 k - 2 potions of degeneration {unknown}
 l - 3 potions of attraction {unknown}
 p - a potion of curing {unknown}
 q - 2 potions of invisibility {unknown}
 r - 2 potions of lignification {unknown}
 v - 3 potions of heal wounds {unknown}
 w - a potion of mutation {unknown}


   Skills:
 + Level 5.6 Fighting
 - Level 6.5(6.9) Axes
 * Level 3.1(5.2) Polearms
 - Level 3.0 Throwing
 - Level 3.0 Armour
 - Level 3.0 Dodging
 - Level 3.0 Stealth


You had 7 spell levels left.
You didn't know any spells.
Your spell library contained the following spells:

 Spells                   Type           Power      Damage    Failure   Level
 Foxfire                  Conj/Fire      0%         2x1d4     99%         1
 Fireball                 Conj/Fire      0%         3d3       100%        5
 Plasma Beam              Fire/Air       0%         2x1d11    100%        6
 Starburst                Conj/Fire      0%         6d3       100%        6


Dungeon Overview and Level Annotations

Branches:
Dungeon (6/15)             Temple (0/1) D:6

Altars:
Fedhas
Hepliaklqana
Trog


Innate Abilities, Weirdness & Mutations

You have sharp fingernails.
You have a moderately thin skeletal structure. (Dex +4, Stealth++)
You sometimes emit foul miasma when damaged in melee.
You regenerate magic rapidly.


Message History

You completely miss the ogre.
The ogre is moderately wounded.
You puncture the ogre!
The ogre is heavily wounded.
The ogre closely misses you.
You hit the ogre but do no damage.
The ogre is heavily wounded.
The ogre hits you with a +0 giant club!
You are too injured to fight recklessly!
You are too injured to fight recklessly!
You are too injured to fight recklessly!
You are too injured to fight recklessly!
You are too injured to fight recklessly!
You are too injured to fight recklessly!
You are too injured to fight recklessly!
You are too injured to fight recklessly!
You are too injured to fight recklessly!
You are too injured to fight recklessly!
You are too injured to fight recklessly!
You are too injured to fight recklessly!
You are too injured to fight recklessly!
You are too injured to fight recklessly!
You are too injured to fight recklessly!
You are too injured to fight recklessly!
You hit the ogre.
The ogre is knocked back by the blow.
The ogre is severely wounded.
The ogre barely misses you.
Things that are here:
a +0 mace; a +0 leather armour You barely miss the ogre.
The ogre is severely wounded.
The ogre hits you with a +0 giant club!!
* * * LOW HITPOINT WARNING * * *
You emit a cloud of foul miasma!
You puncture the ogre!
The ogre is almost dead.
The ogre is engulfed in dark miasma.
The ogre is poisoned.
The ogre seems to slow down.
The ogre hits you with a +0 giant club!!
You die...

........##
.....##..# ...#
###+###.## ##..#
##..###...## ##
#....#.....## ...
#....#......# ....
#...###....## .....
#....#......#......
#..........@O......
#.....#............
+.....#######..>...
#.....# ......
#.....# .....
.......+ .....
........# ....
...###+## ....


You could see an ogre (poisoned, slow).

Vanquished Creatures
  Sigmund (D:2)
  Eustachio (D:5)
  A steam dragon (D:6)
  Menkaure (D:5)
  An ice beast (D:5)
  An ogre (D:6)
  A kobold brigand (D:5)
  A phantom (D:5)
  A jelly (D:5)
  2 orc priests
  5 hounds
  3 orc wizards
  Natasha (thrice) (D:2)
  4 gnolls (D:6)
  14 adders
  2 worms (D:3)
  2 dart slugs
  16 orcs
  9 ball pythons
  3 bats
  3 endoplasms
  4 giant cockroaches
  9 goblins
  7 hobgoblins
  2 quokkas
  2 frilled lizards
  25 kobolds
  6 rats
130 creatures vanquished.

Vanquished Creatures (others)
  An orc wizard (D:4)
  A frilled lizard (D:3)
  63 plants (D:5)
65 creatures vanquished.

Grand Total: 195 creatures vanquished

Notes
Turn   | Place    | Note
-------+----------+-------------------------------------------
     0 | D:1      | oldriver the Demonspawn Gladiator began the quest for the
                  | Orb.
     0 | D:1      | Reached XP level 1. HP: 16/16 MP: 1/1
   220 | D:1      | Reached skill level 3 in Axes
   247 | D:1      | Gained mutation: You may rarely emit foul miasma when
                  | damaged in melee. [demonic ancestry]
   247 | D:1      | Reached XP level 2. HP: 22/22 MP: 2/2
  1058 | D:2      | Noticed Natasha
  1064 | D:2      | Killed Natasha
  1065 | D:2      | Gained mutation: You have a somewhat thin skeletal
                  | structure. (Dex +2, Stealth+) [demonic ancestry]
  1065 | D:2      | Reached XP level 3. HP: 18/28 MP: 3/3
  1560 | D:2      | Reached skill level 4 in Axes
  1571 | D:2      | Reached XP level 4. HP: 32/34 MP: 4/4
  1597 | D:2      | Noticed Sigmund
  1610 | D:2      | Killed Sigmund
  1611 | D:2      | Reached skill level 5 in Axes
  1611 | D:2      | Gained mutation: You sometimes emit foul miasma when
                  | damaged in melee. [demonic ancestry]
  1611 | D:2      | Reached XP level 5. HP: 29/42 MP: 5/5
  1722 | D:2      | Noticed Natasha
  1732 | D:2      | Killed Natasha
  1733 | D:2      | Gained mutation: You regenerate magic rapidly. [demonic
                  | ancestry]
  1733 | D:2      | Reached XP level 6. HP: 36/48 MP: 6/6
  1951 | D:2      | Noticed Natasha
  1965 | D:2      | Killed Natasha
  2209 | D:3      | You fall into a shaft and drop 2 floors!
  2209 | D:5      | Entered Level 5 of the Dungeon
  2497 | D:4      | Reached skill level 6 in Axes
  2864 | D:3      | Found a bloodstained altar of Trog.
  3077 | D:3      | Gained mutation: You have a moderately thin skeletal
                  | structure. (Dex +4, Stealth++) [demonic ancestry]
  3077 | D:3      | Reached XP level 7. HP: 53/55 MP: 7/7
  3911 | D:5      | Noticed Eustachio
  4031 | D:5      | Killed Eustachio
  4032 | D:5      | Reached skill level 1 in Armour
  4032 | D:5      | Reached skill level 1 in Stealth
  4561 | D:5      | Found the +5 Force Lance {heavy, knockback}
  4676 | D:5      | Reached skill level 5 in Fighting
  4820 | D:5      | Found a blossoming altar of Fedhas.
  4821 | D:5      | Found a hazy altar of Hepliaklqana.
  4835 | D:5      | Gained mutation: You have sharp fingernails. [demonic
                  | ancestry]
  4835 | D:5      | Reached XP level 8. HP: 62/62 MP: 8/8
  4954 | D:5      | Noticed Menkaure
  4963 | D:5      | Killed Menkaure
  4964 | D:5      | Reached skill level 1 in Polearms
  5596 | D:6      | Found a staircase to the Ecumenical Temple.
  5611 | D:6      | Mangled by an ogre

Illustrated notes

Levels and vault maps discovered:
D:1:      scummos_arrival_simple_crosswalls, layout_loops_corners,
          chequers_serial_rivers_small_3, glass_columns_c,
          kennysheep_another_room, minmay_misc_feat_secret_circle,
          minmay_tiny_reverse_x
D:2:      layout_basic, uniq_natasha, uniq_sigmund
D:3:      layout_rooms, trog_book, serial_aquarium, aquarium_bridge_island_small
          [aquarium_subvault_small_open, aquarium_subvault_balcony,
          aquarium_subvault_bridge, aquarium_subvault_bridge,
          aquarium_subvault_window], aquarium_window_corridor_3,
          aquarium_window_2, aquarium_window_2, aquarium_view_2c,
          aquarium_view_2b, aquarium_pool_four, kennysheep_path_1
D:4:      layout_cave_pools, minivault_27, minmay_quadrilaterals
D:5:      kennysheep_kobold_camp, layout_basic, nicolae_overflow_squiral,
          uniq_menkaure, uniq_eustachio
D:6:      layout_gridville, nicolae_ashenzari_skybound, cheibriados_altar_1,
          minmay_temple_entry_proselytizer, nicolae_half_adder

Skill      XL: |  1  2  3  4  5  6  7  8 |
---------------+-------------------------+-----
Axes           | 3 4 5 6 |  6.5
Fighting       | 3 4 5 |  5.6
Throwing       | 2 3 |  3.0
Armour         | 2 3 |  3.0
Stealth        | 2 3 |  3.0
Dodging        | 3 |  3.0
Polearms       | 3 |  3.1

Action                     |  1- 3 |  4- 6 |  7- 9 || total
---------------------------+-------+-------+-------++-------
  Melee: War axe           |    98 |   158 |    91 ||   347
         Punch             |     1 |       |     1 ||     2
         Lance             |       |       |    74 ||    74
  Throw: Stone             |    11 |     8 |     4 ||    23
   Stab: Sleeping          |     2 |       |       ||     2
 Armour: Leather armour    |    30 |    24 |       ||    54
         Chain mail        |       |    58 |    89 ||   147
  Dodge: Dodged            |    72 |   127 |    57 ||   256

Table legend: (Time is in decaauts)
 A = Elapsed time spent in this place.
 B = Non-inter-level travel time spent in this place.
 C = Inter-level travel time spent in this place.
 D = Time resting spent in this place.
 E = Time spent auto-exploring this place.
 F = Levels seen in this place.
 G = Mean time per level.
                   A        B        C        D        E       F      G
               +--------+--------+--------+--------+--------+-----+--------+
         Total |   5724 |   5406 |    318 |    613 |   3619 |   6 |  954.0 |
       Dungeon |   5724 |   5406 |    318 |    613 |   3619 |   6 |  954.0 |
               +--------+--------+--------+--------+--------+-----+--------+

Top non-repeatable levels by time:
     D:5: 1538 daAuts
     D:2: 1139 daAuts
     D:4: 1052 daAuts
     D:1: 1042 daAuts
     D:3: 754 daAuts
     D:6: 196 daAuts
